[ AOE2 MATCH · #482882016 ]
UnrankedFranks vs Mongols
Player's team · LOSS
Rival team · WIN
[ REPLAY ANALYSIS · EXTRACTED FROM THE RECORDED GAME ]
Feudal
12:44
Castle
28:28
Imperial
—
| APM avg | 28.9 |
| APM peak | 78 |
| eAPM avg | 15.8 |
| Villagers / military | 58 / 48 |
Focus
⚔️ 18.6% · 🌾 81.4%
Skirmisher ×32 · Scout Cavalry ×9 · Spearman ×5 · Mangonel ×2
Feudal
9:52
Castle
26:17
Imperial
—
| APM avg | 43.9 |
| APM peak | 117 |
| eAPM avg | 16.3 |
| Villagers / military | 98 / 45 |
Focus
⚔️ 24.4% · 🌾 75.6%
Archer ×27 · Scout Cavalry ×9 · Spearman ×5 · Mangudai ×3 · Skirmisher ×1
Match map
Initial resources + every placement click. Lines = walls · curves = elevation contours. ◆ gold · ⬟ stone · ● berries · ✦ relic · ◌ wall gap
Your base· Open — 12t gap
Pax Mangudai's base· Open — 4t gap
Smoothed initial terrain · ◌ = detected wall gap · hover for details
Inputs per minute
— ME_KA-19 - - Pax Mangudai
Build order — ME_KA-19
139 actions detected in the replay
| 0:01 | Create | Villager (Male) |
| 0:01 | Create | Villager (Male) |
| 0:01 | Create | Villager (Male) |
| 0:02 | Build | House |
| 0:10 | Create | Villager (Male) |
| 2:28 | Create | Villager (Male) |
| 3:01 | Create | Villager (Male) |
| 3:02 | Create | Villager (Male) |
| 3:19 | Create | Villager (Male) |
| 3:58 | Create | Villager (Male) |
| 3:58 | Create | Villager (Male) |
| 4:13 | Create | Villager (Male) |
| 4:13 | Create | Villager (Male) |
| 4:20 | Create | Villager (Male) |
| 4:38 | Build | House |
| 4:47 | Create | Villager (Male) |
| 5:10 | Create | Villager (Male) |
| 5:42 | Build | Lumber Camp |
| 6:03 | Create | Villager (Male) |
| 6:03 | Create | Villager (Male) |
| 6:25 | Create | Villager (Male) |
| 6:53 | Create | Villager (Male) |
| 6:54 | Create | Villager (Male) |
| 6:54 | Create | Villager (Male) |
| 6:54 | Create | Villager (Male) |
| 7:06 | Build | Mill |
| 7:16 | Build | House |
| 7:22 | Research | Loom |
| 7:26 | Create | Villager (Male) |
| 7:26 | Create | Villager (Male) |
| 7:26 | Create | Villager (Male) |
| 7:51 | Build | House |
| 8:58 | Build | Barracks |
| 9:22 | Create | Villager (Male) |
| 9:48 | Create | Villager (Male) |
| 10:24 | Build | Farm |
| 10:34 | Research | Feudal Age |
| 10:52 | Build | Farm |
| 11:26 | Build | Farm |
| 12:05 | Build | Farm |
| 12:44 | Age | Feudal Age |
| 12:48 | Create | Spearman |
| 12:57 | Build | Stable |
| 13:07 | Research | Double-Bit Axe |
| 13:27 | Build | House |
| 13:32 | Create | Scout Cavalry ×5 |
| 13:44 | Build | House |
| 13:46 | Build | House |
| 13:49 | Build | House |
| 13:51 | Build | House |
| 13:55 | Build | House |
| 14:25 | Create | Spearman |
| 14:25 | Create | Spearman |
| 15:03 | Build | Farm |
| 15:04 | Build | Farm |
| 15:04 | Build | Farm |
| 15:04 | Build | Farm |
| 15:04 | Build | Farm |
| 15:32 | Create | Villager (Male) |
| 15:32 | Create | Villager (Male) |
| 15:33 | Create | Villager (Male) |
| 15:33 | Create | Villager (Male) |
| 15:33 | Create | Villager (Male) |
| 15:33 | Create | Villager (Male) |
| 16:13 | Build | Lumber Camp |
| 16:20 | Build | House |
| 16:37 | Create | Villager (Male) |
| 16:38 | Create | Villager (Male) |
| 17:06 | Build | Mining Camp |
| 17:31 | Create | Villager (Male) |
| 17:32 | Create | Villager (Male) |
| 18:34 | Create | Villager (Male) |
| 18:44 | Build | Archery Range |
| 18:57 | Build | Market |
| 19:03 | Build | Farm |
| 19:04 | Build | Farm |
| 19:04 | Build | Farm |
| 19:04 | Build | Farm |
| 19:04 | Build | Farm |
| 19:05 | Build | Farm |
| 19:06 | Create | Villager (Male) |
| 19:06 | Create | Villager (Male) |
| 19:07 | Create | Villager (Male) |
| 19:41 | Build | Archery Range |
| 19:43 | Create | Villager (Male) |
| 19:44 | Create | Villager (Male) |
| 19:44 | Create | Villager (Male) |
| 20:35 | Create | Skirmisher ×5 |
| 20:35 | Create | Skirmisher ×5 |
| 20:52 | Build | House |
| 21:20 | Create | Skirmisher |
| 21:23 | Create | Skirmisher |
| 21:49 | Build | Palisade Gate |
| 21:56 | Build | Palisade Gate |
| 22:10 | Create | Skirmisher ×5 |
| 22:10 | Create | Skirmisher ×5 |
| 22:18 | Build | Farm |
| 22:18 | Build | Farm |
| 22:18 | Build | Farm |
| 23:12 | Create | Scout Cavalry ×4 |
| 24:25 | Build | Market |
| 24:54 | Create | Spearman |
| 24:55 | Create | Spearman |
| 25:48 | Research | Castle Age |
| 25:55 | Build | House |
| 26:05 | Build | House |
| 26:07 | Build | House |
| 26:16 | Build | Palisade Wall |
| 26:32 | Create | Skirmisher ×5 |
| 26:32 | Create | Skirmisher ×5 |
| 27:18 | Build | Lumber Camp |
| 27:28 | Build | Lumber Camp |
| 28:28 | Research | Stone Mining |
| 28:28 | Age | Castle Age |
| 28:28 | Research | Gold Mining |
| 28:40 | Build | Town Center |
| 28:50 | Create | Villager (Male) |
| 28:50 | Create | Villager (Male) |
| 28:50 | Create | Villager (Male) |
| 28:51 | Create | Villager (Male) |
| 28:51 | Create | Villager (Male) |
| 28:51 | Create | Villager (Male) |
| 29:09 | Build | House |
| 29:36 | Research | Bow Saw |
| 29:50 | Build | Palisade Wall |
| 30:13 | Create | Villager (Male) |
| 30:26 | Build | Blacksmith |
| 30:48 | Create | Villager (Male) |
| 30:48 | Create | Villager (Male) |
| 30:48 | Create | Villager (Male) |
| 31:03 | Build | Siege Workshop |
| 31:49 | Create | Mangonel |
| 32:53 | Create | Mangonel |
| 32:57 | Build | Farm |
| 33:03 | Create | Villager (Male) |
| 33:03 | Create | Villager (Male) |
| 33:03 | Create | Villager (Male) |
| 33:03 | Create | Villager (Male) |
| 34:04 | Build | Town Center |
Build order — Pax Mangudai
First 150 of 210 actions detected
| 0:00 | Create | Villager (Male) |
| 0:00 | Create | Villager (Male) |
| 0:01 | Create | Villager (Male) |
| 0:01 | Create | Villager (Male) |
| 0:07 | Build | House |
| 0:08 | Build | House |
| 0:46 | Research | Loom |
| 1:08 | Create | Villager (Male) |
| 1:08 | Create | Villager (Male) |
| 2:03 | Create | Villager (Male) |
| 2:47 | Create | Villager (Male) |
| 2:47 | Create | Villager (Male) |
| 3:38 | Create | Villager (Male) |
| 4:05 | Create | Villager (Male) |
| 4:05 | Create | Villager (Male) |
| 4:06 | Create | Villager (Male) |
| 4:19 | Build | House |
| 4:26 | Build | Mill |
| 4:29 | Create | Villager (Male) |
| 5:21 | Build | Lumber Camp |
| 5:46 | Build | House |
| 5:48 | Create | Villager (Male) |
| 6:14 | Create | Villager (Male) |
| 6:15 | Create | Villager (Male) |
| 7:15 | Create | Villager (Male) |
| 7:16 | Create | Villager (Male) |
| 7:42 | Research | Feudal Age |
| 8:27 | Build | Barracks |
| 9:08 | Build | Farm |
| 9:15 | Create | Villager (Male) |
| 9:15 | Create | Villager (Male) |
| 9:25 | Build | House |
| 9:29 | Build | Palisade Wall |
| 9:44 | Create | Villager (Male) |
| 9:52 | Age | Feudal Age |
| 9:58 | Build | Stable |
| 10:06 | Build | Stable |
| 10:08 | Build | House |
| 10:17 | Build | Palisade Wall |
| 10:24 | Create | Villager (Male) |
| 10:27 | Research | Double-Bit Axe |
| 10:39 | Create | Spearman |
| 10:48 | Create | Scout Cavalry |
| 10:49 | Create | Scout Cavalry |
| 11:05 | Build | Farm |
| 11:08 | Build | Farm |
| 11:16 | Create | Villager (Male) |
| 11:41 | Create | Villager (Male) |
| 11:48 | Build | Farm |
| 11:48 | Build | Farm |
| 11:58 | Build | House |
| 12:05 | Create | Villager (Male) |
| 12:27 | Build | Farm |
| 12:41 | Create | Scout Cavalry |
| 12:45 | Build | Farm |
| 12:49 | Build | House |
| 12:53 | Build | Blacksmith |
| 12:54 | Create | Villager (Male) |
| 12:54 | Create | Villager (Male) |
| 13:07 | Build | Farm |
| 13:27 | Create | Scout Cavalry |
| 13:39 | Create | Villager (Male) |
| 13:49 | Build | Mining Camp |
| 13:57 | Create | Villager (Male) |
| 14:22 | Create | Villager (Male) |
| 14:42 | Build | Archery Range |
| 14:44 | Build | House |
| 14:52 | Build | Palisade Wall |
| 14:56 | Create | Villager (Male) |
| 15:22 | Build | Archery Range |
| 15:25 | Create | Villager (Male) |
| 15:26 | Create | Villager (Male) |
| 15:47 | Create | Archer |
| 15:50 | Create | Villager (Male) |
| 15:56 | Research | Horse Collar |
| 16:01 | Build | Farm |
| 16:01 | Build | Farm |
| 16:01 | Build | Farm |
| 16:16 | Create | Archer |
| 16:16 | Create | Archer |
| 16:18 | Create | Villager (Male) |
| 16:20 | Create | Villager (Male) |
| 16:25 | Create | Archer |
| 16:37 | Build | Palisade Gate |
| 16:47 | Create | Villager (Male) |
| 16:55 | Build | Farm |
| 16:56 | Build | Farm |
| 17:00 | Build | Farm |
| 17:16 | Create | Archer |
| 17:16 | Create | Archer |
| 17:21 | Build | House |
| 17:24 | Build | Palisade Wall |
| 17:34 | Create | Villager (Male) |
| 17:37 | Research | Fletching |
| 17:55 | Create | Spearman |
| 18:06 | Create | Spearman |
| 18:34 | Create | Villager (Male) |
| 18:34 | Create | Villager (Male) |
| 18:39 | Create | Archer |
| 18:39 | Create | Archer |
| 18:40 | Create | Archer |
| 18:40 | Create | Archer |
| 18:51 | Create | Villager (Male) |
| 18:55 | Create | Spearman |
| 18:55 | Create | Spearman |
| 19:01 | Create | Villager (Male) |
| 19:15 | Research | Padded Archer Armor |
| 19:27 | Build | Farm |
| 19:27 | Build | Farm |
| 19:33 | Build | Farm |
| 20:06 | Build | Mining Camp |
| 20:12 | Create | Villager (Male) |
| 20:21 | Build | House |
| 20:39 | Research | Town Watch |
| 20:57 | Build | House |
| 21:07 | Create | Villager (Male) |
| 21:08 | Create | Villager (Male) |
| 21:12 | Create | Archer |
| 21:12 | Create | Archer |
| 21:19 | Build | Farm |
| 21:19 | Build | Farm |
| 21:19 | Build | Farm |
| 21:20 | Build | Farm |
| 21:20 | Build | Farm |
| 21:45 | Create | Villager (Male) |
| 21:48 | Build | Farm |
| 21:49 | Build | Farm |
| 22:04 | Create | Villager (Male) |
| 22:04 | Create | Villager (Male) |
| 22:18 | Create | Villager (Male) |
| 23:30 | Research | Castle Age |
| 23:35 | Create | Skirmisher |
| 23:38 | Create | Archer |
| 23:38 | Create | Archer |
| 23:38 | Create | Archer |
| 23:59 | Research | Bloodlines |
| 24:19 | Create | Scout Cavalry |
| 24:21 | Create | Scout Cavalry |
| 24:55 | Create | Scout Cavalry |
| 24:56 | Create | Scout Cavalry |
| 24:59 | Create | Archer |
| 24:59 | Create | Archer |
| 24:59 | Create | Archer |
| 25:00 | Create | Archer |
| 25:14 | Create | Villager (Male) |
| 25:16 | Create | Archer |
| 25:16 | Create | Archer |
| 25:17 | Create | Archer |
| 25:17 | Create | Archer |
| 25:18 | Create | Archer |
Match timeline
| 8:27 | Pax Mangudai · first_building Barracks |
| 8:58 | ME_KA-19 · first_building Barracks |
| 9:29 | Pax Mangudai · wall_segment Palisade Wall x4 |
| 9:52 | Pax Mangudai · age_up feudal |
| 9:58 | Pax Mangudai · first_building Stable |
| 10:17 | Pax Mangudai · wall_segment Palisade Wall x4 |
| 12:44 | ME_KA-19 · age_up feudal |
| 12:57 | ME_KA-19 · first_building Stable |
| 14:42 | Pax Mangudai · first_building Archery Range |
| 14:52 | Pax Mangudai · wall_segment Palisade Wall x6 |
| 17:24 | Pax Mangudai · wall_segment Palisade Wall x3 |
| 18:44 | ME_KA-19 · first_building Archery Range |
| 25:40 | ME_KA-19 · first_market_buy 100 food |
| 26:16 | ME_KA-19 · wall_segment Palisade Wall x7 |
| 26:17 | Pax Mangudai · age_up castle |
| 27:37 | Pax Mangudai · first_building Castle |
| 28:28 | ME_KA-19 · age_up castle |
| 29:50 | ME_KA-19 · wall_segment Palisade Wall x14 |
| 31:03 | ME_KA-19 · first_building Siege Workshop |
| 34:44 | ME_KA-19 · resign |
[ AI ANALYSIS · 1 CREDIT ]
What really happened in this match?
Wolo.gg analyzes every decision: build order, eco, micro, common mistakes by bracket. Personalized analysis on WhatsApp or Discord in 30 seconds.
Civ guide
Franks
Perfil
Jugador #24274793